 Dungeon Crawl Stone Soup version 0.21-a0-344-g2144152 (webtiles) character file.

3137 Amnesiac the Fighter (level 9, -6/74 HPs)
             Began as a Gnoll Monk on Oct 4, 2017.
             Was a Believer of Ashenzari.
             Mangled by a tarantella (9 damage)
             ... summoned by a deep elf mage
             ... on level 6 of the Dungeon.
             The game lasted 00:15:37 (7334 turns).

Amnesiac the Fighter (Gnoll Monk)                   Turns: 7334, Time: 00:15:37

Health: -6/74      AC:  5    Str: 16    XL:     9   Next: 92%
Magic:  15/15      EV: 15    Int: 14    God:    Ashenzari [**....]
Gold:   274        SH:  0    Dex: 17    Spells: 17/17 levels left

rFire    . . .     SeeInvis .   a - +0 trident
rCold    . . .     Gourm    .   D - +0 shield (curse)
rNeg     . . .     Faith    .   J - +0 troll leather armour
rPois    .         Spirit   .   (no helmet)
rElec    .         Reflect  .   (no cloak)
rCorr    .         Harm     .   (no gloves)
MR       .....                  h - +0 pair of boots
Stlth    +.........             (no amulet)
HPRegen  0.62/turn              (no ring)
MPRegen  0.14/turn              (no ring)

@: confused, lethally poisoned (-6 -> -15), drained
A: distributed training, fangs 1, strong nose
a: Curse Item, Scrying, Renounce Religion


You were on level 6 of the Dungeon.
You worshipped Ashenzari.
Ashenzari was pleased with you.
You were hungry.

You visited 2 branches of the dungeon, and saw 7 of its levels.
You also visited: Sewer.

You collected 274 gold pieces.

Inventory:

Hand Weapons
 a - a +0 trident (weapon)
 b - a +0 blowgun
 B - a +0 spear
Missiles
 u - 12 poisoned needles
 K - 4 silver javelins (quivered)
Armour
 h - a +0 pair of boots (worn)
 z - the cursed +0 leather armour of Revontos {+Inv rPois rC++ Int-3}
   (You found it on level 6 of the Dungeon)

   It affects your intelligence (-3).
   It greatly protects you from cold.
   It protects you from poison.
   It lets you turn invisible.
   It has a curse placed upon it.
 D - a cursed +0 shield (worn)
 J - a +0 troll leather armour (worn)
Jewellery
 i - a +4 ring of dexterity
 l - an uncursed amulet of magic regeneration
 F - an uncursed ring of flight
 H - an uncursed ring of protection from fire
Wands
 p - a wand of polymorph (9/24)
Scrolls
 d - 3 scrolls of remove curse {!r}
 k - 2 scrolls of teleportation {!r}
 o - a scroll of blinking {!r, unknown}
 q - 2 scrolls of enchant armour {!r, unknown}
 t - 2 scrolls of enchant weapon {!r, unknown}
 v - a scroll of immolation {!r, unknown}
 x - a scroll of fog {!r}
 y - 2 scrolls of magic mapping {!r, unknown}
Potions
 g - a potion of degeneration {!q}
 m - a potion of resistance {!q, unknown}
 n - a potion of flight {!q, unknown}
 s - 2 potions of curing {!q, unknown}
 w - a potion of ambrosia {!q, unknown}
 C - a potion of might {!q, unknown}
 I - a potion of brilliance {!q}
Books
 e - a book of Cantrips

   Spells                             Type                      Level
   a - Confusing Touch                Hexes                        1
   b - Animate Skeleton               Necromancy                   1
   c - Summon Small Mammal            Summoning                    1
   d - Apportation                    Translocation                1
Comestibles
 c - 6 bread rations
 f - 6 fruits
 r - a royal jelly


   Skills:
 + Level 8.1(7.6) Fighting
 + Level 4.6(4.1) Short Blades
 + Level 4.6(4.1) Long Blades
 + Level 4.6(4.1) Axes
 + Level 4.6(4.1) Maces & Flails
 + Level 8.1(7.6) Polearms
 + Level 4.6(4.1) Staves
 + Level 4.6(4.1) Slings
 + Level 4.6(4.1) Bows
 + Level 4.6(4.1) Crossbows
 + Level 4.6(4.1) Throwing
 + Level 4.6(4.1) Armour
 + Level 8.1(7.6) Dodging
 + Level 6.3(5.8) Stealth
 + Level 4.6(5.5) Shields
 + Level 4.6(4.1) Unarmed Combat
 + Level 4.6(4.1) Spellcasting
 + Level 4.6(4.1) Conjurations
 + Level 4.6(4.1) Hexes
 + Level 4.6(4.1) Charms
 + Level 4.6(4.1) Summonings
 + Level 4.6(4.1) Necromancy
 + Level 4.6(4.1) Translocations
 + Level 4.6(4.1) Transmutations
 + Level 4.6(4.1) Fire Magic
 + Level 4.6(4.1) Ice Magic
 + Level 4.6(4.1) Air Magic
 + Level 4.6(4.1) Earth Magic
 + Level 4.6(4.1) Poison Magic
 + Level 4.6(4.1) Invocations
 + Level 4.6(4.1) Evocations


You had 17 spell levels left.
You didn't know any spells.

Dungeon Overview and Level Annotations

Branches:
Dungeon (6/15)             Temple (1/1) D:6

Altars:
Ashenzari
Cheibriados
Dithmenos
Elyvilon
Fedhas
Gozag
Hepliaklqana
Kikubaaqudgha
Makhleb
Nemelex Xobeh
Okawaru
Qazlal
Ru
Sif Muna
Trog
Uskayaw
Vehumet
Wu Jian
Xom
Yredelemnul
Zin
The Shining One

Shops:
D:6 (


Innate Abilities, Weirdness & Mutations

Your experience applies equally to all skills.
You have very sharp teeth.
Your uncanny sense of smell can sniff out nearby items.


Message History

You shoot a poisoned needle.
The poisoned needle closely misses the deep elf mage.
a - a +0 trident (weapon)
You block the deep elf mage's attack.
You hit the deep elf mage.
The deep elf mage is lightly wounded.
The deep elf mage mumbles some strange words.
You puncture the deep elf mage!
The deep elf mage is heavily wounded.
The redback bites you.
The deep elf mage casts a spell.
You hit the deep elf mage.
The deep elf mage is heavily wounded.
The redback bites you!
The deep elf mage points at you and mumbles some strange words.
The bolt of negative energy hits you!
You feel drained.
You are feeling hungry.
The redback barely misses you. The redback bites you.
You are poisoned.
The redback poisons you! The jumping spider pounces on you!
The jumping spider bites you but does no damage.
You feel very sick.
Attack whom?
Press: ? - help, Dir - move target cursor, f/p - deep elf mage
Aim: a deep elf mage, wielding a long sword (severely wounded, poisoned, fire blocked by a granite statue)
You reach to attack!
You closely miss the deep elf mage.
The deep elf mage is severely wounded.
You feel very sick. The redback bites you!
* * * LOW HITPOINT WARNING * * *
The jumping spider closely misses you. The jumping spider misses you.
The redback bites you.
* * * LOW HITPOINT WARNING * * *
The deep elf mage mumbles some strange words.
The deep elf mage blinks!
You feel very sick.
The jumping spider leaps!
The deep elf mage mumbles some strange words.
The deep elf mage blinks!
You feel sick. The redback barely misses you. The tarantella bites you!
* * * LOW HITPOINT WARNING * * *
Okay, then.
Really quaff
A - 2 potions of heal wounds {!q}?
You feel much better.
You feel sick. You block the redback's attack. The tarantella bites you!
* * * LOW HITPOINT WARNING * * *
Really quaff
A - a potion of heal wounds {!q}?
You feel much better.
You feel sick. The redback bites you.
* * * LOW HITPOINT WARNING * * *
The tarantella bites you!
* * * LOW HITPOINT WARNING * * *
You are confused.
The redback closely misses you. The jumping spider barely misses you.
The jumping spider closely misses you. The tarantella bites you!
* * * LOW HITPOINT WARNING * * *
You hit the tarantella.
The tarantella is lightly wounded.
* * * LOW HITPOINT WARNING * * *
You feel sick. The redback closely misses you.
The jumping spider pounces on you.
* * * LOW HITPOINT WARNING * * *
The jumping spider bites you but does no damage.
The tarantella bites you!
You die...

#..###########..s....##
##........ #...>.....
#........ , #.......##
#.8######'' #.......##
#...(.(('..∆#.........
#.......'..,#.........
#.(.(..('⌠. #.##......
#.8######'''#.##.#....
##..ss@s.....#..#.#.#..
#...ss.......#..#.#.#..
#..###########..#.#.#..
#.....).........#.#.#..
#....#[###....#.#.#.#..
####...# #....#.#.#.##.
#.### #....#.#.#.##.
#.# #....#.#.#.##. #.#
#....#.#.#.##.


You could see 2 demonic crawlers, a jumping spider, a tarantella and a redback.

Vanquished Creatures
  Pikel (D:5)
  A troll (D:6)
  Sigmund (D:4)
  Eustachio (D:4)
  An orc warrior (D:6)
  4 slaves
  An ice beast (D:5)
  A phantom (D:6)
  A centaur (D:6)
  5 ogres
  6 big kobolds (Sewer)
  6 electric eels (D:6)
  2 crimson imps (D:5)
  A hound (D:4)
  A jelly (D:6)
  A bullfrog zombie (D:6)
  2 orc priests
  2 iguanas
  7 worker ants
  6 orc wizards
  5 adders
  2 oozes (Sewer)
  8 worms
  A dart slug (D:4)
  3 leopard geckos
  21 orcs
  6 ball pythons
  4 giant cockroaches
  6 goblins
  5 hobgoblins
  3 jackals (D:2)
  3 quokkas
  7 bats
  6 frilled lizards
  A giant cockroach zombie (D:5)
  9 kobolds
  A quokka skeleton (D:5)
  11 rats
153 creatures vanquished.

Vanquished Creatures (others)
  2 plants (D:6)
2 creatures vanquished.

Grand Total: 155 creatures vanquished

Notes
Turn   | Place    | Note
-------+----------+-------------------------------------------
     0 | D:1      | Amnesiac the Gnoll Monk began the quest for the Orb.
     0 | D:1      | Reached XP level 1. HP: 23/23 MP: 1/1
   196 | D:1      | Reached XP level 2. HP: 29/29 MP: 2/2
   934 | D:2      | Reached XP level 3. HP: 35/35 MP: 3/3
   988 | D:2      | Found a bloodstained altar of Trog.
  1307 | D:3      | Reached skill level 1 in Short Blades
  1307 | D:3      | Reached skill level 1 in Long Blades
  1307 | D:3      | Reached skill level 1 in Axes
  1307 | D:3      | Reached skill level 1 in Maces & Flails
  1307 | D:3      | Reached skill level 1 in Staves
  1307 | D:3      | Reached skill level 1 in Slings
  1307 | D:3      | Reached skill level 1 in Bows
  1307 | D:3      | Reached skill level 1 in Crossbows
  1307 | D:3      | Reached skill level 1 in Throwing
  1307 | D:3      | Reached skill level 1 in Armour
  1307 | D:3      | Reached skill level 1 in Shields
  1307 | D:3      | Reached skill level 1 in Unarmed Combat
  1307 | D:3      | Reached skill level 1 in Spellcasting
  1307 | D:3      | Reached skill level 1 in Conjurations
  1307 | D:3      | Reached skill level 1 in Hexes
  1307 | D:3      | Reached skill level 1 in Charms
  1307 | D:3      | Reached skill level 1 in Summonings
  1307 | D:3      | Reached skill level 1 in Necromancy
  1307 | D:3      | Reached skill level 1 in Translocations
  1307 | D:3      | Reached skill level 1 in Transmutations
  1307 | D:3      | Reached skill level 1 in Fire Magic
  1307 | D:3      | Reached skill level 1 in Ice Magic
  1307 | D:3      | Reached skill level 1 in Air Magic
  1307 | D:3      | Reached skill level 1 in Earth Magic
  1307 | D:3      | Reached skill level 1 in Poison Magic
  1307 | D:3      | Reached skill level 1 in Invocations
  1307 | D:3      | Reached skill level 1 in Evocations
  1373 | D:3      | Reached XP level 4. HP: 35/41 MP: 5/5
  1911 | D:4      | Noticed an ogre
  1973 | D:4      | Reached XP level 5. HP: 14/47 MP: 6/6
  2015 | D:4      | Found a glowing drain.
  2140 | Sewer    | Entered a sewer
  2306 | Sewer    | Noticed a big kobold
  2335 | Sewer    | Killed a big kobold
  2354 | Sewer    | Reached XP level 6. HP: 45/53 MP: 8/8
  2835 | Sewer    | Reached XP level 7. HP: 56/59 MP: 10/10
  3352 | D:4      | Noticed Eustachio
  3365 | D:4      | Killed Eustachio
  3365 | D:4      | Reached skill level 5 in Stealth
  3464 | D:4      | Reached XP level 8. HP: 57/67 MP: 12/12
  3578 | D:4      | Noticed Sigmund
  3601 | D:4      | Killed Sigmund
  3836 | D:5      | Entered Level 5 of the Dungeon
  4555 | D:5      | Reached XP level 9. HP: 54/72 MP: 14/14
  4708 | D:6      | Got a shimmering leather armour
  4711 | D:6      | Noticed Pikel
  4877 | D:5      | Killed Pikel
  5341 | D:6      | Noticed a troll
  5858 | D:6      | Found Zeoptoq's Weapon Emporium.
  5934 | D:6      | Killed a troll
  6104 | D:6      | Noticed a deep elf mage
  6115 | D:6      | Noticed a jumping spider
  6123 | D:6      | Noticed a sun demon
  6125 | D:6      | Noticed a rust devil
  6954 | D:6      | Found a staircase to the Ecumenical Temple.
  6968 | Temple   | Entered the Ecumenical Temple
  7214 | Temple   | Became a worshipper of Ashenzari the Shackled
  7214 | Temple   | Reached * piety under Ashenzari
  7214 | Temple   | Reached ** piety under Ashenzari
  7234 | D:6      | Identified the cursed +0 leather armour of Revontos {+Inv rPois rC++ Int-3} (You found it on level 6 of the Dungeon)
  7325 | D:6      | Noticed a jumping spider
  7325 | D:6      | Noticed a demonic crawler
  7326 | D:6      | Noticed a demonic crawler
  7334 | D:6      | HP: 3/74 [jumping spider[a deep elf mage] (2)]
  7334 | D:6      | Mangled by a tarantella

Vault maps used:
D:1:      lemuel_arrival_room
D:2:      old_standard_altar
D:3:      first_bread
D:4:      cheibrodos_quashed, cheibrodos_sewer_entry_bend, uniq_sigmund,
          uniq_eustachio
D:6:      cheibrodos_two_vegetables, minmay_temple_entry_poolview, serial_shops,
          shop, guppyfry_early_elven_hall, uniq_pikel
Temple:   nicolae_temple_the_god_donut
Sewer:    sewer_co_tree

Skill      XL: |  1  2  3  4  5  6  7  8  9 |
---------------+----------------------------+-----
Short Blades   | 1 2 3 4 |  4.6
Long Blades    | 1 2 3 4 |  4.6
Axes           | 1 2 3 4 |  4.6
Maces & Flails | 1 2 3 4 |  4.6
Staves         | 1 2 3 4 |  4.6
Slings         | 1 2 3 4 |  4.6
Bows           | 1 2 3 4 |  4.6
Crossbows      | 1 2 3 4 |  4.6
Throwing       | 1 2 3 4 |  4.6
Armour         | 1 2 3 4 |  4.6
Shields        | 1 2 3 4 |  4.6
Unarmed Combat | 1 2 3 4 |  4.6
Spellcasting   | 1 2 3 4 |  4.6
Conjurations   | 1 2 3 4 |  4.6
Hexes          | 1 2 3 4 |  4.6
Charms         | 1 2 3 4 |  4.6
Summonings     | 1 2 3 4 |  4.6
Necromancy     | 1 2 3 4 |  4.6
Translocations | 1 2 3 4 |  4.6
Transmutations | 1 2 3 4 |  4.6
Fire Magic     | 1 2 3 4 |  4.6
Ice Magic      | 1 2 3 4 |  4.6
Air Magic      | 1 2 3 4 |  4.6
Earth Magic    | 1 2 3 4 |  4.6
Poison Magic   | 1 2 3 4 |  4.6
Invocations    | 1 2 3 4 |  4.6
Evocations     | 1 2 3 4 |  4.6
Fighting       | 7 8 |  8.1
Polearms       | 7 8 |  8.1
Dodging        | 7 8 |  8.1
Stealth        | 5 6 |  6.3

Action                   |  1- 3 |  4- 6 |  7- 9 || total
-------------------------+-------+-------+-------++-------
Melee: Spear             |   134 |   218 |   106 ||   458
       Bite              |    16 |    26 |    59 ||   101
       Punch             |       |     1 |     6 ||     7
       Trident           |       |       |   346 ||   346
 Fire: Blowgun           |       |    12 |   158 ||   170
  Use: Potion            |       |     2 |     6 ||     8
       Scroll            |       |       |     6 ||     6
 Stab: Sleeping          |    10 |     4 |     6 ||    20
       Distracted        |       |       |     3 ||     3
  Eat: Chunk             |     1 |     5 |    15 ||    21
Armor: Ring mail         |    25 |    33 |    73 ||   131
       Robe              |     1 |       |       ||     1
       Troll leather arm |       |       |     6 ||     6
Dodge: Dodged            |    48 |    75 |   261 ||   384
Block: Shield            |       |       |     2 ||     2

Table legend:
 A = Spawn XP
 B = Non-spawn XP
 C = Spawn XP percentage of total XP
 D = Spawn monster count
 E = Non-spawn monster count
 F = Spawn count percentage of total count
 G = Total turns spent on level
                    A         B        C        D         E        F      G
               +---------+---------+-------+---------+---------+-------+---------
         Total |       0 |    4482 |   0.0 |       0 |     149 |   0.0 |  7334
               +---------+---------+-------+---------+---------+-------+---------
           D:1 |       0 |      17 |   0.0 |       0 |      12 |   0.0 |   697
           D:2 |       0 |      58 |   0.0 |       0 |      24 |   0.0 |   601
           D:3 |       0 |      64 |   0.0 |       0 |      10 |   0.0 |   613
           D:4 |       0 |     815 |   0.0 |       0 |      27 |   0.0 |   875
           D:5 |       0 |    1454 |   0.0 |       0 |      23 |   0.0 |  1397
           D:6 |       0 |    1396 |   0.0 |       0 |      25 |   0.0 |  1842
         Sewer |       0 |     678 |   0.0 |       0 |      28 |   0.0 |  1050
               +---------+---------+-------+---------+---------+-------+---------
